 Dungeon Crawl Stone Soup version 0.21-a0-426-g98080a9 (webtiles) character file.

10042 tof the Cleaver (level 11, -10/87 HPs)
             Began as a Minotaur Berserker on Nov 5, 2017.
             Was a High Priest of Trog.
             Mangled by a death yak (17 damage)
             ... on level 10 of the Dungeon.
             The game lasted 00:26:27 (10686 turns).

tof the Cleaver (Minotaur Berserker)               Turns: 10686, Time: 00:26:28

Health: -10/87     AC: 24    Str: 26    XL:     11   Next: 31%
Magic:  10/10      EV: 13    Int:  4    God:    Trog [*****.]
Gold:   432        SH:  5    Dex: 13    Spells: 10/10 levels left

rFire    + + .     SeeInvis .   a - +1 hand axe (elec)
rCold    . . .     Gourm    .   P - +0 buckler
rNeg     . . .     Faith    .   S - +5 chain mail "Biurghuown" {*Corrode rPois rF++}
rPois    +         Spirit   .   (helmet restricted)
rElec    .         Reflect  .   p - +2 cloak
rCorr    .         Harm     .   (no gloves)
MR       ++...                  z - +0 pair of boots
Stlth    ..........             (no amulet)
HPRegen  1.24/turn              R - +3 ring of protection
MPRegen  0.12/turn              s - +4 ring of strength

@: about to teleport, berserk cooldown, regenerating, slowed, very slow
A: retaliatory headbutt, horns 2, blurry vision 1, frail 1
a: Berserk, Trog's Hand, Brothers in Arms, Burn Spellbooks, Renounce Religion


You were on level 10 of the Dungeon.
You worshipped Trog.
Trog was extremely pleased with you.
You were very hungry.

You visited 1 branch of the dungeon, and saw 11 of its levels.

You collected 459 gold pieces.
You spent 27 gold pieces at shops.

Inventory:

Hand Weapons
 a - a +1 hand axe of electrocution (weapon)
 b - a +0 blowgun
 J - a +1 hand axe of venom
Missiles
 k - 21 poisoned needles
 y - 4 tomahawks (quivered)
 E - 3 tomahawks of returning
Armour
 p - a +2 cloak (worn)
 z - a +0 pair of boots (worn)
 B - a +0 plate armour
 P - a +0 buckler (worn)
 S - the +5 chain mail "Biurghuown" (worn) {*Corrode rPois rF++}
   (You found it on level 9 of the Dungeon)

   It greatly protects you from fire.
   It protects you from poison.
   It may corrode you when you take damage.
Jewellery
 s - a +4 ring of strength (right hand)
 x - an uncursed ring of see invisible
 Q - an uncursed ring of stealth
 R - a +3 ring of protection (left hand)
Wands
 K - a wand of lightning (9/15)
 L - a wand of polymorph (4/24)
Scrolls
 d - 3 scrolls of magic mapping
 g - 3 scrolls of enchant armour
 h - a scroll of blinking
 i - 4 scrolls of teleportation
 j - 2 scrolls of fog
 m - 2 scrolls of remove curse
 t - 4 scrolls of fear {unknown}
 w - 2 scrolls of enchant weapon {unknown}
 G - 3 scrolls of recharging {unknown}
 I - a scroll of torment {unknown}
 N - a scroll of vulnerability {unknown}
Potions
 e - a potion of cancellation
 f - a potion of resistance {unknown}
 n - 4 potions of might {unknown}
 u - 2 potions of degeneration {unknown}
 v - a potion of heal wounds {unknown}
 A - a potion of mutation {unknown}
 C - 3 potions of flight {unknown}
 D - 3 potions of curing
 F - 3 potions of haste {unknown}
 H - 2 potions of brilliance {unknown}
 M - a potion of lignification {unknown}
Books
 l - a book of Changes

   Spells                             Type                      Level
   a - Beastly Appendage              Transmutation                1
   b - Sticks to Snakes               Transmutation                2
   c - Spider Form                    Transmutation/Poison         3
   d - Ice Form                       Ice/Transmutation            4
   e - Blade Hands                    Transmutation                5
   Trog disapproves of the use of such an item.
Comestibles
 c - 4 bread rations
 o - 9 meat rations
 q - 7 royal jellies
 r - 14 fruits
 O - 6 chunks of flesh


   Skills:
 + Level 9.4 Fighting
 * Level 12.4 Axes
 + Level 6.9 Throwing
 + Level 8.9 Armour
 + Level 8.1 Dodging
 + Level 3.9 Shields


You had 10 spell levels left.
You didn't know any spells.

Dungeon Overview and Level Annotations

Branches:
Dungeon (11/15)            Temple (0/1) D:4             Orc (0/2) D:11
   Lair: D:8-11

Altars:
Fedhas
Hepliaklqana
Makhleb
Nemelex Xobeh
Xom
Zin

Shops:
D:5 (


Innate Abilities, Weirdness & Mutations

You reflexively headbutt those who attack you in melee.
You have a pair of horns on your head.
Scrolls take you a little longer to read.
You are frail. (-10% HP)


Message History

Your two-headed ogre goes berserk!
You are feeling very hungry.
You block the death yak's attack. The death yak barely misses you.
Really read with blurry vision while enemies are nearby?
You block the death yak's attack. The death yak gores you.
* * * LOW HITPOINT WARNING * * *
Your two-headed ogre hits the death yak with a giant club!
Your two-headed ogre hits the death yak with a giant spiked club.
You begin reading the scroll.
You continue reading the scroll.
You block the death yak's attack.
Your two-headed ogre barely misses the death yak.
Your two-headed ogre hits the death yak with a giant spiked club!!
The death yak gores you but does no damage.
As you read the scroll of teleportation, it crumbles to dust.
You feel strangely unstable.
Your two-headed ogre hits the death yak with a giant club!!
The death yak dies!
Trog accepts your kill. The death yak barely misses you.
The death yak gores you!
You die...

#..#..####....#...#.......#......
#..#..#..#....#...#.......#.....>
#..#..#..#....#...#.......#......
...#..#..#....#...#.......#...###
...#..#..#....#...#.......#......
####.....#....'...#.......#......
'..#.....#....#...#.......#......
#..#.....###'##...#.......#......
####..####.())#Y@.#.......#......
...#..#....)..#>O.#.......#......
...#..#.......#...#.......#......
#################################


You could see a death yak and a friendly two-headed ogre (berserk).

Vanquished Creatures
  Erica (D:8)
  A two-headed ogre (D:8)
  A death yak (D:11)
  Pikel (D:7)
  An ugly thing (D:11)
  Psyche (D:8)
  A hornet (D:10)
  Grinder (D:4)
  2 hippogriffs
  Sigmund (D:3)
  A vampire (D:9)
  Eustachio (D:6)
  A wyvern (D:10)
  A basilisk (D:11)
  6 yaks (D:11)
  A wraith (D:11)
  3 hungry ghosts
  A steam dragon (D:7)
  2 orc warriors
  A sky beast (D:9)
  An ice beast (D:10)
  4 slaves (D:8)
  A phantom (D:6)
  3 centaurs
  3 ogres
  A big kobold (D:10)
  4 bullfrogs
  A gnoll sergeant (D:6)
  5 scorpions
  14 killer bees
  2 crimson imps
  2 howler monkeys
  A centaur zombie (D:8)
  3 jellies
  Crazy Yiuf (D:3)
  6 hounds
  An orc priest (D:10)
  2 bullfrog skeletons
  2 centaur skeletons (D:6)
  3 iron imps (D:4)
  5 orc wizards
  2 iguanas
  5 worker ants
  A hound zombie (D:7)
  A hound skeleton (D:5)
  17 adders
  4 gnolls (D:6)
  2 howler monkey skeletons
  A shadow imp (D:6)
  An ooze (D:2)
  2 adder zombies
  2 adder skeletons
  3 worms
  A dart slug (D:2)
  6 leopard geckos
  30 orcs
  A ball python (D:6)
  8 bats
  3 giant cockroaches
  5 goblins
  7 hobgoblins
  14 jackals
  9 kobolds
  6 quokkas
  9 frilled lizards
  2 quokka skeletons
  4 rats
240 creatures vanquished.

Vanquished Creatures (collateral kills)
  A death yak (D:10)
1 creature vanquished.

Grand Total: 241 creatures vanquished

Notes
Turn   | Place    | Note
-------+----------+-------------------------------------------
     0 | D:1      | tof the Minotaur Berserker began the quest for the Orb.
     0 | D:1      | Reached XP level 1. HP: 19/19 MP: 0/0
   675 | D:2      | Reached XP level 2. HP: 19/27 MP: 1/1
   677 | D:2      | Reached skill level 4 in Axes
   862 | D:2      | Reached XP level 3. HP: 16/33 MP: 2/2
  1194 | D:2      | Reached skill level 1 in Throwing
  1583 | D:2      | Reached ** piety under Trog
  1585 | D:2      | Reached XP level 4. HP: 40/40 MP: 3/3
  1695 | D:2      | Found a shimmering altar of Xom.
  2357 | D:3      | Noticed Sigmund
  2358 | D:3      | Found a blossoming altar of Fedhas.
  2373 | D:3      | Killed Sigmund
  2373 | D:3      | Reached skill level 5 in Axes
  2373 | D:3      | Reached XP level 5. HP: 41/47 MP: 4/4
  2469 | D:3      | Reached XP level 6. HP: 42/53 MP: 5/5
  2787 | D:3      | Reached *** piety under Trog
  2805 | D:3      | Found a glowing silver altar of Zin.
  2966 | D:3      | Found a runed door.
  3065 | D:3      | Noticed Crazy Yiuf
  3069 | D:3      | Killed Crazy Yiuf
  3069 | D:3      | Reached skill level 6 in Axes
  3388 | D:4      | Found a staircase to the Ecumenical Temple.
  3395 | D:4      | Reached skill level 5 in Fighting
  3526 | D:4      | Found a burning altar of Makhleb.
  3538 | D:4      | Reached XP level 7. HP: 61/61 MP: 6/6
  3962 | D:4      | Noticed Grinder
  3968 | D:4      | Killed Grinder
  3968 | D:4      | Reached skill level 7 in Axes
  4081 | D:5      | Entered Level 5 of the Dungeon
  4130 | D:5      | Found a hazy altar of Hepliaklqana.
  4170 | D:5      | Reached skill level 5 in Armour
  4184 | D:5      | Reached XP level 8. HP: 70/70 MP: 7/7
  4389 | D:5      | Found Caduroerph's Weapon Boutique.
  4415 | D:5      | Bought a +0 blowgun for 27 gold pieces
  4586 | D:6      | Noticed Eustachio
  4601 | D:6      | Killed Eustachio
  4601 | D:6      | Reached skill level 8 in Axes
  4601 | D:6      | Reached skill level 5 in Dodging
  4840 | D:6      | Reached **** piety under Trog
  5553 | D:6      | Reached skill level 9 in Axes
  5790 | D:7      | Reached XP level 9. HP: 73/78 MP: 8/8
  5967 | D:7      | Found a sparkling altar of Nemelex Xobeh.
  6928 | D:8      | Noticed Pikel
  7082 | D:8      | Noticed Psyche
  7097 | D:8      | Killed Psyche
  7097 | D:8      | Reached skill level 10 in Axes
  7097 | D:8      | Reached skill level 5 in Throwing
  7766 | D:8      | Noticed Erica
  7779 | D:8      | Killed Erica
  7926 | D:8      | Noticed a two-headed ogre
  7938 | D:8      | Killed a two-headed ogre
  7938 | D:8      | Reached XP level 10. HP: 88/88 MP: 9/9
  8246 | D:7      | Killed Pikel
  8246 | D:7      | Reached skill level 11 in Axes
  8782 | D:9      | Got a pitted chain mail
  8793 | D:9      | Identified the +5 chain mail "Biurghuown" {*Corrode rPois rF++} (You found it on level 9 of the Dungeon)
  9170 | D:10     | Entered Level 10 of the Dungeon
  9261 | D:10     | Reached skill level 1 in Shields
  9632 | D:10     | Reached ***** piety under Trog
 10542 | D:11     | Noticed a red ugly thing
 10551 | D:11     | Reached skill level 12 in Axes
 10554 | D:11     | Reached XP level 11. HP: 97/97 MP: 10/10
 10567 | D:11     | Killed a red ugly thing
 10616 | D:10     | Gained mutation: You are frail. (-10% HP) [mutagenic meat]
 10617 | D:10     | Gained mutation: Scrolls take you a little longer to read. [mutagenic meat]
 10659 | D:11     | Found a staircase to the Orcish Mines.
 10659 | D:11     | Noticed a death yak
 10659 | D:11     | Noticed a death yak
 10659 | D:11     | Noticed a death yak
 10669 | D:11     | Killed a death yak
 10682 | D:10     | HP: 4/87 [death yak (12)]
 10686 | D:10     | Killed a death yak
 10686 | D:10     | Mangled by a death yak

Vault maps used:
D:1:      lightli_molten_gateway
D:2:      brannock_xom_greatest_gift, minivault_5
D:3:      nicolae_overflow_hidden_temple, marbit_many_paths, first_bread,
          fedhas_altar_2, uniq_crazy_yiuf_cottage, uniq_sigmund
D:4:      demons_altar, minmay_temple_entry_trees, minmay_strange_pillars,
          kennysheep_generic_room_3, uniq_grinder
D:5:      lemuel_crystal_altar, serial_shops, nicolae_shop_window_shopping,
          kennysheep_decorative_pillar
D:6:      uniq_eustachio
D:7:      nemelex_xobeh_ov_fountains_minmay
D:8:      moated_statue, uniq_psyche, uniq_erica, uniq_pikel
D:11:     dpeg_lair_monsters, orc_0_dummy, uniq_snorg

Skill      XL: |  1  2  3  4  5  6  7  8  9 10 11 |
---------------+----------------------------------+-----
Axes           | 4 5 6 7 9 10 12 | 12.4
Fighting       | 4 5 6 8 9 |  9.4
Throwing       | 1 2 3 4 5 6 |  6.9
Armour         | 3 4 5 6 7 8 |  8.9
Dodging        | 3 4 5 6 7 8 |  8.1
Shields        | 3 |  3.9

Action                   |  1- 3 |  4- 6 |  7- 9 | 10-12 || total
-------------------------+-------+-------+-------+-------++-------
Melee: Hand axe          |    65 |   106 |   227 |   212 ||   610
       Headbutt          |     9 |    20 |    42 |    53 ||   124
       Unarmed           |       |       |    11 |       ||    11
 Fire: Blowgun           |       |       |    12 |    10 ||    22
Throw: Tomahawk          |       |       |     9 |       ||     9
Invok: Berserk           |       |     1 |     1 |     2 ||     4
       Trog's Hand       |       |       |     3 |     1 ||     4
       Brothers in Arms  |       |       |       |     1 ||     1
  Use: Scroll            |       |     5 |     2 |     5 ||    12
 Stab: Sleeping          |     1 |     1 |       |       ||     2
  Eat: Chunk             |     2 |     7 |    13 |    10 ||    32
       Bread ration      |       |       |     1 |     1 ||     2
Armor: Animal skin       |     7 |     2 |       |       ||     9
       Leather armour    |       |    19 |       |       ||    19
       Chain mail        |       |     4 |     1 |   114 ||   119
       Plate armour      |       |       |   120 |    29 ||   149
Dodge: Dodged            |    42 |    63 |   118 |   125 ||   348
Block: Buckler           |       |       |       |    35 ||    35

Table legend:
 A = Spawn XP
 B = Non-spawn XP
 C = Spawn XP percentage of total XP
 D = Spawn monster count
 E = Non-spawn monster count
 F = Spawn count percentage of total count
 G = Total turns spent on level
                    A         B        C        D         E        F      G
               +---------+---------+-------+---------+---------+-------+---------
         Total |       0 |   14347 |   0.0 |       0 |     237 |   0.0 | 10686
               +---------+---------+-------+---------+---------+-------+---------
           D:1 |       0 |       7 |   0.0 |       0 |       4 |   0.0 |   670
           D:2 |       0 |     105 |   0.0 |       0 |      32 |   0.0 |  1342
           D:3 |       0 |     454 |   0.0 |       0 |      31 |   0.0 |  1136
           D:4 |       0 |     785 |   0.0 |       0 |      15 |   0.0 |   933
           D:5 |       0 |     388 |   0.0 |       0 |      13 |   0.0 |   479
           D:6 |       0 |    1005 |   0.0 |       0 |      35 |   0.0 |  1198
           D:7 |       0 |    1353 |   0.0 |       0 |      26 |   0.0 |  1403
           D:8 |       0 |    2989 |   0.0 |       0 |      13 |   0.0 |  1148
           D:9 |       0 |     820 |   0.0 |       0 |      14 |   0.0 |   861
          D:10 |       0 |    3200 |   0.0 |       0 |      39 |   0.0 |  1412
          D:11 |       0 |    3241 |   0.0 |       0 |      15 |   0.0 |   104
               +---------+---------+-------+---------+---------+-------+---------
